 Dungeon Crawl Stone Soup version 0.21.1-1-g345015fe64 (webtiles) character file.

30342 FreshCat the Thaumaturge (level 13, 101/101 HPs)
             Began as a Gnoll Skald on Feb 14, 2018.
             Was a High Priest of Ashenzari.
             Quit the game on level 2 of the Lair of Beasts on Mar 21, 2018.
             The game lasted 02:25:07 (14361 turns).

FreshCat the Thaumaturge (Gnoll Skald)             Turns: 14361, Time: 02:25:07

Health: 101/101    AC: 23    Str: 21    XL:     13   Next: 51%
Magic:  26/26      EV: 14    Int: 19    God:    Ashenzari [*****.]
Gold:   899        SH:  4    Dex: 16    Spells: 5/31 levels left

rFire    . . .     SeeInvis +   r - +8 frozen axe "Frostbite" {freezing cloud, *Noise +Fly rC+}
rCold    + . .     Gourm    .   (shield currently unavailable)
rNeg     . . .     Faith    .   V - +1 chain mail of Least Resistance {MR+ Int+3} (curse)
rPois    +         Spirit   .   N - +2 hat {SInv} (curse)
rElec    .         Reflect  +   S - +0 cloak (curse)
rCorr    .         Harm     .   H - +1 pair of gloves (curse)
MR       +....     Clarity  +   K - +2 pair of boots (curse)
Stlth    +.........             m - +4 amulet of reflection
HPRegen  0.26/turn              g - +4 ring of strength
MPRegen  0.20/turn              u - ring of poison resistance

@: no status effects
A: distributed training, fangs 1, strong nose
a: Curse Item, Scrying, Renounce Religion, Evoke Flight


You were on level 2 of the Lair of Beasts.
You worshipped Ashenzari.
Ashenzari was extremely pleased with you.
You were not hungry.

You visited 3 branches of the dungeon, and saw 18 of its levels.

You collected 1058 gold pieces.
You spent 159 gold pieces at shops.

Inventory:

Hand Weapons
 r - the +8 frozen axe "Frostbite" (weapon) {freezing cloud, *Noise +Fly rC+}
   (You found it on level 4 of the Dungeon)

   It has been specially enchanted to freeze those struck by it, causing extra
   injury to most foes and up to half again as much damage against particularly
   susceptible opponents.
   It can also slow down cold-blooded creatures.
   It protects you from cold.
   It lets you fly.
   It may make noises in combat.
 A - a +2 dagger of speed
 P - a +5 flail
Missiles
 i - 419 stones (quivered)
Armour
 H - a cursed +1 pair of gloves (worn)
 K - a cursed +2 pair of boots (worn)
 N - a cursed +2 hat of see invisible (worn)
 S - a cursed +0 cloak (worn)
 V - the cursed +1 chain mail of Least Resistance (worn) {MR+ Int+3}
   (You found it on level 9 of the Dungeon)

   It affects your intelligence (+3).
   It affects your resistance to hostile enchantments.
   It has a curse placed upon it.
Jewellery
 f - an uncursed amulet of guardian spirit
 g - a +4 ring of strength (left hand)
 h - the amulet "Ujixkaergh" {-Tele +Rage rF+ Dex+5}
   (You found it on level 5 of the Dungeon)

   [amulet of rage]

   It affects your dexterity (+5).
   It protects you from fire.
   It lets you go berserk.
   It prevents most forms of teleportation.
 m - a +4 amulet of reflection (around neck)
 u - a ring of poison resistance (right hand)
 w - an uncursed amulet of regeneration
 y - an uncursed ring of stealth
Wands
 j - a wand of scattershot (8)
 p - a wand of paralysis (28)
 B - a wand of enslavement (8)
Scrolls
 b - 4 scrolls of identify
 n - 4 scrolls of teleportation
 q - a scroll of noise
 s - 2 scrolls of immolation
 v - 2 scrolls of fog
 E - 2 scrolls of fear
 F - 3 scrolls of magic mapping
 I - 3 scrolls of blinking
Potions
 a - 5 potions of curing
 e - a potion of resistance
 k - a potion of lignification
 l - a potion of agility
 o - a potion of mutation
 D - a potion of flight
 J - 2 potions of ambrosia
 M - a potion of magic
 O - a potion of invisibility
 Y - 3 potions of brilliance
Miscellaneous
 t - a fan of gales
 x - a lightning rod (4/4)
 G - a phial of floods
 T - a fan of gales
Comestibles
 d - 22 rations


   Skills:
 + Level 9.4 Fighting
 + Level 8.2 Short Blades
 + Level 8.2 Long Blades
 + Level 8.2 Axes
 + Level 9.4 Maces & Flails
 + Level 8.2 Polearms
 + Level 8.2 Staves
 + Level 8.2 Slings
 + Level 8.2 Bows
 + Level 8.2 Crossbows
 + Level 8.2 Throwing
 + Level 8.6(13.7) Armour
 + Level 9.4 Dodging
 + Level 8.2 Stealth
 + Level 8.2 Shields
 + Level 8.2 Unarmed Combat
 + Level 9.6 Spellcasting
 + Level 6.8 Conjurations
 + Level 6.8 Hexes
 + Level 8.8 Charms
 + Level 6.8 Summonings
 + Level 6.8 Necromancy
 + Level 6.8 Translocations
 + Level 6.8 Transmutations
 + Level 6.8 Fire Magic
 + Level 6.8 Ice Magic
 + Level 6.8 Air Magic
 + Level 6.8 Earth Magic
 + Level 6.8 Poison Magic
 + Level 9.0 Invocations
 + Level 8.2 Evocations


You had 5 spell levels left.
You knew the following spells:

 Your Spells              Type           Power        Failure   Level  Hunger
a - Infusion              Chrm           ####         1%          1    None
b - Shroud of Golubria    Chrm/Tloc      #####.....   2%          2    None
c - Regeneration          Chrm/Necr      #####.....   4%          3    None
d - Spectral Weapon       Hex/Chrm       #####...     4%          3    None
e - Song of Slaying       Chrm           #####...     1%          2    None
f - Corona                Hex            #####..      2%          1    None
g - Ensorcelled Hibernat  Hex/Ice        #####.       3%          2    None
h - Tukima's Dance        Hex            #####...     8%          3    None
i - Confuse               Hex            #####...     8%          3    None
j - Animate Skeleton      Necr           N/A          2%          1    None
k - Dazzling Spray        Conj/Hex       #####.       8%          3    None
l - Summon Small Mammal   Summ           ####         2%          1    None
m - Apportation           Tloc           #####.       2%          1    None


Dungeon Overview and Level Annotations

Branches:
Dungeon (12/15)            Temple (1/1) D:7            Lair (5/6) D:10
  Swamp (0/4) Lair:3       Spider (0/4) Lair:2        Slime (0/5) Lair:5
    Orc (0/2) D:12

Altars:
Ashenzari
Cheibriados
Dithmenos
Elyvilon
Fedhas
Hepliaklqana
Kikubaaqudgha
Nemelex Xobeh
Okawaru
Qazlal
Ru
Sif Muna
Trog
Uskayaw
Vehumet
Wu Jian
Xom
Yredelemnul
Zin
The Shining One
Jiyva

Shops:
D:5 *   D:6 !!

Annotations:
Lair:1 Hydra


Innate Abilities, Weirdness & Mutations

Your experience applies equally to all skills.
You have very sharp teeth.
Your uncanny sense of smell can sniff out nearby items.


Message History

an uncursed ring of protection from cold an uncursed ring of fire; an uncursed ring of ice
There is a stone staircase leading up, spattered with blood here.
Things that are here:
76 poisoned needles; 7 curare-tipped needles Drop what? 43/52 slots (_ for help) (? for menu, Esc to quit)
You drop 14 tomahawks.
You see here an uncursed staff of wizardry.
Drop what? 42/52 slots (_ for help) (? for menu, Esc to quit)
Okay, then.
Saving game... please wait.
Welcome back, FreshCat the Gnoll Skald.
Ashenzari says: Partake of my vision.
Partake of my curse.
Press ? for a list of commands and other information.
Okay, then.
Saving game... please wait.
Welcome back, FreshCat the Gnoll Skald.
Ashenzari says: Partake of my vision.
Partake of my curse.
Press ? for a list of commands and other information.
Are you sure you want to abandon this character and quit the game? (Confirm with "yes".)

#..#............##.....##.....
#.....###.##.....#..#####.....
##....................###......
#..............................
#...................>..........
#..............................
#P.........."[)................
##..........:<(##....#.........
#..........?=@##.#..###.......
##..##.........#####.# #.......
#....###..#....'.+...###.......
##...#.........###...+.+.......
#..##....P....###.....#.......
#..##...#.....'.+...##........
#..##.........#.##'####.......
#..#..###.....####.####...^...
#...#..#.#....#..#..##P.......


There were no monsters in sight!

Vanquished Creatures
  Gastronok (Lair:1)
  2 hydras
  Erica (Lair:1)
  2 unseen horrors
  The ghost of BrokenGlass the Martial Artist, a novice OpFi of Ru (D:7)
  The ghost of VanClaymore the Basher, a novice GrBe of Trog (D:6)
  A lindwurm (Lair:3)
  4 elephants (Lair:2)
  A black mamba (shapeshifter) (D:11)
  7 spiny frogs
  2 black mambas
  A rime drake (Lair:3)
  3 komodo dragons
  3 trolls
  3 jumping spiders (Lair:2)
  The ghost of Ulv the Slasher, an amateur BaFi of Qazlal (D:4)
  3 hippogriffs
  Grinder (D:5)
  2 hornets (D:9)
  5 redbacks (Lair:2)
  A wraith (D:11)
  Eustachio (D:5)
  29 yaks
  Grum (D:8)
  5 insubstantial wisps (Lair:3)
  9 water moccasins
  A soldier ant (D:9)
  Duvessa (D:6)
  9 porcupines
  3 sky beasts
  2 orc warriors
  4 black bears
  2 eyes of draining
  4 ogres
  3 ice beasts
  2 phantoms
  16 wolves
  2 necrophages
  8 crocodiles
  7 centaurs
  2 big kobolds
  16 bullfrogs
  A wyvern zombie (D:6)
  Dowan (D:6)
  4 scorpions
  7 killer bees (D:10)
  3 wights (D:11)
  5 howler monkeys
  4 crimson imps
  2 bullfrog zombies
  2 quasits
  3 hounds
  4 jellies
  2 centaur skeletons
  9 orc wizards
  7 orc priests
  Crazy Yiuf (D:6)
  3 bullfrog skeletons
  Jessica (D:2)
  An iguana (D:7)
  6 worker ants
  A hound zombie (D:11)
  Robin (D:2)
  2 worker ant zombies
  A gnoll (D:1)
  10 adders
  3 shadow imps
  12 white imps (Lair:4)
  An ooze (D:1)
  2 adder skeletons (D:4)
  An adder zombie (D:5)
  A worm (D:2)
  2 dart slugs
  A leopard gecko (D:2)
  30 orcs
  4 giant cockroaches
  16 goblins
  10 hobgoblins
  10 jackals
  18 kobolds
  9 quokkas
  2 ball pythons
  A ball python skeleton (D:4)
  10 bats
  6 frilled lizards
  A leopard gecko zombie (D:9)
  9 rats
  3 fungi
  3 plants
409 creatures vanquished.

Vanquished Creatures (collateral kills)
  An ogre (D:8)
1 creature vanquished.

Vanquished Creatures (others)
  3 plants
  8 spectral weapons
11 creatures vanquished.

Grand Total: 421 creatures vanquished

Notes
Turn   | Place    | Note
-------+----------+-------------------------------------------
     0 | D:1      | FreshCat the Gnoll Skald began the quest for the Orb.
     0 | D:1      | Reached XP level 1. HP: 20/20 MP: 6/6
   229 | D:2      | Reached XP level 2. HP: 26/26 MP: 7/7
   322 | D:1      | Learned a level 2 spell: Shroud of Golubria
   330 | D:1      | Reached XP level 3. HP: 15/31 MP: 0/9
   332 | D:1      | Reached skill level 5 in Spellcasting
   807 | D:1      | Reached skill level 1 in Invocations
   824 | D:1      | Learned a level 3 spell: Regeneration
   828 | D:1      | Learned a level 3 spell: Spectral Weapon
   831 | D:1      | Learned a level 2 spell: Song of Slaying
  1084 | D:2      | Reached skill level 1 in Short Blades
  1084 | D:2      | Reached skill level 1 in Long Blades
  1084 | D:2      | Reached skill level 1 in Axes
  1084 | D:2      | Reached skill level 1 in Polearms
  1084 | D:2      | Reached skill level 1 in Staves
  1084 | D:2      | Reached skill level 1 in Slings
  1084 | D:2      | Reached skill level 1 in Bows
  1084 | D:2      | Reached skill level 1 in Crossbows
  1084 | D:2      | Reached skill level 1 in Throwing
  1084 | D:2      | Reached skill level 1 in Stealth
  1084 | D:2      | Reached skill level 1 in Shields
  1084 | D:2      | Reached skill level 1 in Unarmed Combat
  1084 | D:2      | Reached skill level 1 in Evocations
  1084 | D:2      | Reached XP level 4. HP: 38/38 MP: 4/11
  1214 | D:2      | Noticed Robin
  1272 | D:2      | Killed Robin
  1272 | D:2      | Reached skill level 1 in Conjurations
  1272 | D:2      | Reached skill level 1 in Hexes
  1272 | D:2      | Reached skill level 1 in Summonings
  1272 | D:2      | Reached skill level 1 in Necromancy
  1272 | D:2      | Reached skill level 1 in Translocations
  1272 | D:2      | Reached skill level 1 in Transmutations
  1272 | D:2      | Reached skill level 1 in Fire Magic
  1272 | D:2      | Reached skill level 1 in Ice Magic
  1272 | D:2      | Reached skill level 1 in Air Magic
  1272 | D:2      | Reached skill level 1 in Earth Magic
  1272 | D:2      | Reached skill level 1 in Poison Magic
  1623 | D:2      | Reached XP level 5. HP: 43/43 MP: 8/12
  1765 | D:3      | Noticed Jessica
  1774 | D:2      | Killed Jessica
  1916 | D:2      | Found a faded altar of an unknown god.
  1918 | D:2      | Became a worshipper of Ashenzari the Shackled
  1918 | D:2      | Reached * piety under Ashenzari
  2021 | D:2      | Found a sacrificial altar of Ru.
  2379 | D:3      | Found a sparkling altar of Nemelex Xobeh.
  2631 | D:3      | Found a snail-covered altar of Cheibriados.
  2631 | D:3      | Found a radiant altar of Vehumet.
  2679 | D:3      | Found a blossoming altar of Fedhas.
  2679 | D:3      | Found an ancient bone altar of Kikubaaqudgha.
  2856 | D:4      | Found the +8 frozen axe "Frostbite" {freezing cloud, *Noise +Fly rC+}
  2888 | D:5      | Entered Level 5 of the Dungeon
  2935 | D:4      | Noticed Ulv's ghost (amateur BaFi)
  2943 | D:4      | Killed Ulv's ghost
  2943 | D:4      | Reached skill level 5 in Fighting
  2943 | D:4      | Reached skill level 5 in Maces & Flails
  2943 | D:4      | Reached skill level 5 in Dodging
  2943 | D:4      | Reached XP level 6. HP: 30/51 MP: 4/14
  3111 | D:4      | Reached XP level 7. HP: 54/56 MP: 8/15
  3305 | D:4      | Reached ** piety under Ashenzari
  3666 | D:5      | Found Zin's Purification Station.
  3666 | D:5      | Found a glowing silver altar of Zin.
  3718 | D:5      | Identified the amulet "Ujixkaergh" {-Tele +Rage rF+ Dex+5}
  3753 | D:5      | Reached XP level 8. HP: 63/63 MP: 11/16
  3785 | D:5      | Noticed Eustachio
  3804 | D:5      | Killed Eustachio
  3807 | D:5      | Noticed Grinder
  3810 | D:5      | Paralysed by Grinder for 2 turns
  3814 | D:5      | Paralysed by Grinder for 2 turns
  3816 | D:5      | Killed Grinder
  3851 | D:5      | Found an ornate altar of the Wu Jian Council.
  4186 | D:6      | Noticed Dowan
  4212 | D:6      | Noticed Duvessa
  4219 | D:6      | Killed Duvessa
  4219 | D:6      | Reached XP level 9. HP: 64/69 MP: 11/18
  4220 | D:6      | Killed Dowan
  4302 | D:6      | Found a runed door.
  4307 | D:6      | Noticed Crazy Yiuf
  4314 | D:6      | Killed Crazy Yiuf
  4380 | D:6      | Learned a level 1 spell: Corona
  4383 | D:6      | Learned a level 2 spell: Ensorcelled Hibernation
  4387 | D:6      | Learned a level 3 spell: Tukima's Dance
  4389 | D:6      | Found Huorchikk's Distillery.
  4418 | D:6      | Bought a potion of curing for 39 gold pieces
  4480 | D:6      | Found Obleclyo's Distillery.
  4490 | D:6      | Bought a potion of heal wounds for 60 gold pieces
  4490 | D:6      | Bought a potion of heal wounds for 60 gold pieces
  4678 | D:6      | Found a hazy altar of Hepliaklqana.
  4835 | D:6      | Noticed VanClaymore's ghost (novice GrBe)
  4840 | D:6      | Killed VanClaymore's ghost
  4840 | D:6      | Reached skill level 5 in Armour
  4902 | D:6      | Learned a level 3 spell: Confuse
  4956 | D:7      | Reached skill level 5 in Invocations
  5090 | D:7      | Learned a level 1 spell: Animate Skeleton
  5096 | D:7      | Noticed BrokenGlass's ghost (novice OpFi)
  5102 | D:7      | Killed BrokenGlass's ghost
  5102 | D:7      | Reached XP level 10. HP: 75/77 MP: 18/20
  5378 | D:7      | Found a shimmering altar of Xom.
  5470 | D:7      | Reached skill level 5 in Short Blades
  5470 | D:7      | Reached skill level 5 in Long Blades
  5470 | D:7      | Reached skill level 5 in Axes
  5470 | D:7      | Reached skill level 5 in Polearms
  5470 | D:7      | Reached skill level 5 in Staves
  5470 | D:7      | Reached skill level 5 in Slings
  5470 | D:7      | Reached skill level 5 in Bows
  5470 | D:7      | Reached skill level 5 in Crossbows
  5470 | D:7      | Reached skill level 5 in Throwing
  5470 | D:7      | Reached skill level 5 in Stealth
  5470 | D:7      | Reached skill level 5 in Shields
  5470 | D:7      | Reached skill level 5 in Unarmed Combat
  5470 | D:7      | Reached skill level 5 in Evocations
  5680 | D:7      | Found a deep blue altar of Sif Muna.
  5943 | D:7      | Found a staircase to the Ecumenical Temple.
  5947 | Temple   | Entered the Ecumenical Temple
  5956 | Temple   | Reached *** piety under Ashenzari
  6318 | D:8      | Noticed Grum
  6331 | D:8      | Killed Grum
  6534 | D:8      | Found a glowing golden altar of the Shining One.
  6730 | D:9      | Reached XP level 11. HP: 38/84 MP: 12/22
  6851 | D:9      | Got the cursed chain mail of Least Resistance {MR+ Int+3}
  6862 | D:9      | Identified the cursed +1 chain mail of Least Resistance {MR+ Int+3} (You found it on level 9 of the Dungeon)
  6867 | D:9      | Found a shadowy altar of Dithmenos.
  7214 | D:10     | Entered Level 10 of the Dungeon
  7420 | D:9      | Reached skill level 5 in Conjurations
  7420 | D:9      | Reached skill level 5 in Hexes
  7420 | D:9      | Reached skill level 5 in Summonings
  7420 | D:9      | Reached skill level 5 in Necromancy
  7420 | D:9      | Reached skill level 5 in Translocations
  7420 | D:9      | Reached skill level 5 in Transmutations
  7420 | D:9      | Reached skill level 5 in Fire Magic
  7420 | D:9      | Reached skill level 5 in Ice Magic
  7420 | D:9      | Reached skill level 5 in Air Magic
  7420 | D:9      | Reached skill level 5 in Earth Magic
  7420 | D:9      | Reached skill level 5 in Poison Magic
  7485 | D:10     | Noticed an unseen horror
  7489 | D:10     | Killed an unseen horror
  7563 | D:10     | Found a staircase to the Lair.
  7920 | Lair:1   | Entered Level 1 of the Lair of Beasts
  8346 | Lair:1   | Noticed Gastronok
  8362 | Lair:1   | Killed Gastronok
  8412 | Lair:1   | Noticed Erica
  8417 | Lair:1   | Reached XP level 12. HP: 93/93 MP: 19/24
  8425 | Lair:1   | Killed Erica
  8531 | Lair:1   | Noticed a seven-headed hydra
  9086 | Lair:2   | Learned a level 3 spell: Dazzling Spray
  9258 | Lair:2   | Reached **** piety under Ashenzari
  9527 | Lair:2   | Found a hole to the Spider Nest.
 11139 | D:11     | Noticed a four-headed hydra
 11549 | Lair:2   | Killed a 12-headed hydra
 11576 | Lair:3   | Found a staircase to the Swamp.
 11592 | Lair:3   | Reached XP level 13. HP: 84/101 MP: 6/26
 12026 | Lair:4   | Found a frozen archway.
 13151 | Lair:4   | Reached ***** piety under Ashenzari
 13609 | Lair:5   | Found a staircase to the Slime Pits.
 13610 | Lair:5   | Found a viscous altar of Jiyva.
 14348 | Lair:2   | Learned a level 1 spell: Summon Small Mammal
 14350 | Lair:2   | Learned a level 1 spell: Apportation
 14361 | Lair:2   | Quit the game

Skill      XL: |  1  2  3  4  5  6  7  8  9 10 11 12 13 |
---------------+----------------------------------------+-----
Spellcasting   | 5 6 7 8 9 |  9.6
Invocations    | 1 2 3 4 5 6 7 8 9 |  9.0
Short Blades   | 1 2 3 4 5 6 7 8 |  8.2
Long Blades    | 1 2 3 4 5 6 7 8 |  8.2
Axes           | 1 2 3 4 5 6 7 8 |  8.2
Polearms       | 1 2 3 4 5 6 7 8 |  8.2
Staves         | 1 2 3 4 5 6 7 8 |  8.2
Slings         | 1 2 3 4 5 6 7 8 |  8.2
Bows           | 1 2 3 4 5 6 7 8 |  8.2
Crossbows      | 1 2 3 4 5 6 7 8 |  8.2
Throwing       | 1 2 3 4 5 6 7 8 |  8.2
Stealth        | 1 2 3 4 5 6 7 8 |  8.2
Shields        | 1 2 3 4 5 6 7 8 |  8.2
Unarmed Combat | 1 2 3 4 5 6 7 8 |  8.2
Evocations     | 1 2 3 4 5 6 7 8 |  8.2
Conjurations   | 1 2 3 4 5 6 |  6.8
Hexes          | 1 2 3 4 5 6 |  6.8
Summonings     | 1 2 3 4 5 6 |  6.8
Necromancy     | 1 2 3 4 5 6 |  6.8
Translocations | 1 2 3 4 5 6 |  6.8
Transmutations | 1 2 3 4 5 6 |  6.8
Fire Magic     | 1 2 3 4 5 6 |  6.8
Ice Magic      | 1 2 3 4 5 6 |  6.8
Air Magic      | 1 2 3 4 5 6 |  6.8
Earth Magic    | 1 2 3 4 5 6 |  6.8
Poison Magic   | 1 2 3 4 5 6 |  6.8
Armour         | 3 4 5 6 7 8 |  8.6
Fighting       | 5 6 7 8 9 |  9.4
Maces & Flails | 5 6 7 8 9 |  9.4
Dodging        | 5 6 7 8 9 |  9.4
Charms         | 6 7 8 |  8.8

Action                   |  1- 3 |  4- 6 |  7- 9 | 10-12 | 13-15 || total
-------------------------+-------+-------+-------+-------+-------++-------
Melee: Mace              |    77 |    87 |       |       |       ||   164
       Bite              |     4 |     8 |    17 |    45 |    26 ||   100
       Club              |       |    19 |       |       |       ||    19
       Executioner's axe |       |     9 |   106 |   333 |   125 ||   573
       Punch             |       |     1 |       |       |     1 ||     2
       Scimitar          |       |       |       |    12 |       ||    12
       Flail             |       |       |       |     7 |    10 ||    17
Throw: Stone             |     5 |       |       |       |       ||     5
 Cast: Infusion          |     8 |     9 |     4 |    13 |     5 ||    39
       Shroud of Golubri |     5 |    10 |    10 |    33 |     7 ||    65
       Song of Slaying   |       |     1 |     1 |     8 |       ||    10
       Spectral Weapon   |       |     3 |     9 |    21 |     1 ||    34
       Animate Skeleton  |       |       |       |     2 |       ||     2
       Tukima's Dance    |       |       |       |     1 |       ||     1
       Ensorcelled Hiber |       |       |       |    10 |     7 ||    17
       Regeneration      |       |       |       |     2 |     2 ||     4
       Corona            |       |       |       |     1 |       ||     1
       Confuse           |       |       |       |     1 |       ||     1
       Dazzling Spray    |       |       |       |     1 |       ||     1
Invok: Curse Item        |       |       |     3 |     2 |       ||     5
Evoke: Wand              |       |       |       |     1 |       ||     1
  Use: Potion            |       |     1 |     1 |     6 |       ||     8
       Scroll            |       |    13 |     6 |     7 |     3 ||    29
 Stab: Sleeping          |       |     2 |     6 |    14 |     5 ||    27
       Distracted        |       |       |     1 |     1 |       ||     2
       Invisible         |       |       |     1 |       |       ||     1
       Paralysed         |       |       |       |     2 |       ||     2
  Eat: Chunk             |     1 |     5 |     5 |    14 |     3 ||    28
       Ration            |       |     1 |       |     3 |     2 ||     6
Armor: Leather armour    |    18 |    25 |    40 |    35 |       ||   118
       Chain mail        |       |       |       |   337 |    91 ||   428
Dodge: Dodged            |    49 |   118 |   141 |   511 |   120 ||   939
Block: Other             |       |       |       |       |    29 ||    29
       Reflection        |       |       |       |       |     2 ||     2
       Rpst.: Scimitar   |       |       |       |     5 |       ||     5
